 Dungeon Crawl Stone Soup version 0.17-a0-1637-g5d65775 (webtiles) character file.

72 karlkraus the Conjurer (level 4, 0/27 HPs)
             Began as an Octopode Conjurer on Aug 7, 2015.
             Slain by Terence
             ... wielding a +0 trident
              (5 damage)
             ... on level 3 of the Dungeon.
             The game lasted 00:09:31 (1837 turns).

karlkraus the Conjurer (Octopode Conjurer)          Turns: 1837, Time: 00:09:31

Health: 0/27       AC:  1    Str:  7    XL:     4   Next: 25%
Magic:  3/7        EV: 12    Int: 18    God:
Gold:   101        SH:  0    Dex: 12    Spells: 3 memorised, 0 levels left

rFire  . . .     SeeInvis .     (no weapon)
rCold  . . .     Clarity  .     (no shield)
rNeg   . . .     SustAt   .     (helmet restricted)
rPois  .         Gourm    .     (no amulet)
rElec  .         Spirit   .     (no ring)
rCorr  .         Warding  .     (no ring)
rMut   .         Stasis   .     (no ring)
MR     .....                    (no ring)
Stlth  ++++......               (no ring)
                                (no ring)
                                (no ring)
                                (no ring)

@: not resistant to hostile enchantments, stealthy
A: almost no armour, amphibious, 8 rings, constrict 8, camouflage 1, gelatinous
body 1
a: no special abilities


You were on level 3 of the Dungeon.
You were near starving.

You visited 1 branch of the dungeon, and saw 3 of its levels.

You collected 101 gold pieces.

Inventory:

Scrolls
 c - 3 scrolls of remove curse
 d - a scroll of noise {unknown}
 j - a scroll of enchant weapon {unknown}
Potions
 e - a potion of ambrosia {unknown}
 f - a potion of haste {unknown}
 h - 2 potions of degeneration {unknown}
 i - a potion of magic {unknown}
 l - a potion of cure mutation {unknown}
 m - a potion of might {unknown}
 n - a potion of poison {unknown}
 o - a potion of beneficial mutation {unknown}
Books
 a - a book of Conjurations

   Spells                             Type                      Level
   a - Magic Dart                     Conjuration                  1
   b - Searing Ray                    Conjuration                  2
   c - Dazzling Spray                 Conjuration/Hexes            3
   d - Fulminant Prism                Conjuration/Hexes            4
   e - Iskenderun's Mystic Blast      Conjuration                  4
   f - Iskenderun's Battlesphere      Conjuration/Charms           5
Comestibles
 b - 2 bread rations
 g - a beef jerky
 k - a slice of pizza


   Skills:
 + Level 0.6 Fighting
 + Level 2.4 Dodging
 + Level 3.7 Stealth
 + Level 0.2 Unarmed Combat
 + Level 2.3 Spellcasting
 + Level 4.7 Conjurations


You couldn't memorise any spells.
You knew the following spells:

 Your Spells              Type           Power        Failure   Level  Hunger
a - Magic Dart            Conj           ###.         2%          1    #......
b - Searing Ray           Conj           ###...       4%          2    ##.....
c - Fulminant Prism       Conj/Hex       ##........   78%         4    #####..


Dungeon Overview and Level Annotations

Branches:
Dungeon (3/15)

Altars:
Zin

Annotations:
D:3 Terence


Innate Abilities, Weirdness & Mutations

You cannot wear most types of armour.
You are amphibious.
You can wear up to eight rings at the same time.
You can use your tentacles to constrict eight enemies at once.
Your skin changes colour to match your surroundings (Stealth).
Your rubbery body absorbs attacks (AC +1).


Message History

Terence hits you with a trident! Terence hits you with a trident!
You tentacle-slap Terence but do no damage.
Your grab misses Terence.
Terence is heavily wounded.
Terence misses you.
You tentacle-slap Terence but do no damage.
You grab Terence.
Terence is heavily wounded.
You constrict Terence, but do no damage.
Terence closely misses you.
You tentacle-slap Terence.
Terence is heavily wounded.
You constrict Terence. Terence hits you with a trident.
* * * LOW HITPOINT WARNING * * *
You tentacle-slap Terence but do no damage.
Terence is heavily wounded.
You constrict Terence, but do no damage.
Terence hits you with a trident.
You die...

.# ##
.# ...
#.##..
.....
[..#
##...
#..#
##@#
#.@#
#.##
#. #.
#. #$
.. ..


You could see Terence.

Vanquished Creatures
  A gnoll (D:1)
  2 adders (D:2)
  An ooze (D:1)
  A worm (D:2)
  6 bats
  4 giant cockroaches (D:1)
  2 goblins
  5 hobgoblins
  2 giant newts (D:1)
  4 kobolds
  A quokka (D:2)
  9 rats
38 creatures vanquished.

Notes
Turn   | Place    | Note
--------------------------------------------------------------
     0 | D:1      | karlkraus the Octopode Conjurer began the quest for the Orb.
     0 | D:1      | Reached XP level 1. HP: 11/11 MP: 3/3
    93 | D:1      | Reached XP level 2. HP: 10/17 MP: 0/5
    97 | D:1      | Learned a level 2 spell: Searing Ray
   184 | D:1      | Reached XP level 3. HP: 6/21 MP: 1/6
  1119 | D:2      | Reached XP level 4. HP: 12/27 MP: 7/7
  1155 | D:2      | Learned a level 4 spell: Fulminant Prism
  1569 | D:2      | Found a glowing silver altar of Zin.
  1641 | D:3      | Noticed Terence
  1837 | D:3      | Slain by Terence

Vault maps used:
D:1:      dpeg_arrival_lava_temple_mockup, minmay_misc_feat_rows,
          minmay_misc_feat_tiny
D:2:      old_standard_altar, first_bread, st_stairs_9, minmay_distorted
D:3:      nemelex_xobeh_ov_fountains_minmay, uniq_robin, uniq_terence,
          uniq_natasha, uniq_grinder

Action                   |  1- 3 |  4- 6 || total
-------------------------+-------+-------++-------
Melee: Unarmed           |    73 |    18 ||    91
       Dagger            |     9 |     2 ||    11
 Cast: Magic Dart        |     6 |     8 ||    14
       Searing Ray       |     2 |     3 ||     5
  Use: Scroll            |       |     1 ||     1
 Stab: Sleeping          |     9 |     3 ||    12
  Eat: Chunk             |       |     2 ||     2
